[Event "*** Titled Tuesday Blitz"]
[Site "Chess.com"]
[Date "2019.01.01"]
[Round "10"]
[White "Iyael"]
[Black "ElenaPershina"]
[Result "1-0"]
[WhiteElo "2156"]
[BlackElo "1911"]
[TimeControl "180+2"]
[EndTime "15:22:14 PST"]
[Termination "Iyael won by resignation"]

1. e4 e5 2. Nf3 Nc6 3. Nc3 Bc5 4. Nxe5 Bxf2+ 5. Kxf2 Nxe5 6. d4 Ng6 7. Bc4 N8e7 8. Rf1 O-O 9. Kg1 c6 10. Bg5 h6 11. Be3 d5 12. Bd3 dxe4 13. Bxe4 Nd5 14. Nxd5 cxd5 15. Bd3 Be6 16. c3 Qd7 17. Qd2 Kh7 18.
Rf2 Rfe8 19. Raf1 a6 20. h4 h5 21. Bb1 Re7 22. Bg5 Ree8 23. Qd3 b5 24. a3 Kg8 25.
Qg3 Ra7 26. Bc1 Nf8 27. Qg5 g6 28. Bf4 Nh7 29. Qg3 Bf5 30. Be5 Bxb1 31. Rxb1 Qe7 32.
Rbf1 Qf8 33. Rf3 Rd8 34. Qf2 Rdd7 35. Qe3 Rab7 36. Qd2 Ra7 37. Bf4 Rab7 38. Bh6 Qe8 39. Qf4 Re7 40. Qg3 Ra7 41. Kh2 Ra8 42. Bf4 Raa7 43. Be5 Red7 44. Qf4 Qf8 45. g4 hxg4 46. Qxg4 Qh6 47. Bf4 Qf8 48. Bd2 Rab7 49. h5 Rb6 50.
Qxd7 gxh5 51. Rxf7 Qb8+ 52. Bf4 1-0

[Event "*** Titled Tuesday Blitz"]
[Site "Chess.com"]
[Date "2019.01.01"]
[Round "10"]
[White "MFguimaraes"]
[Black "IakovUlivar"]
[Result "0-1"]
[WhiteElo "2306"]
[BlackElo "2496"]
[TimeControl "180+2"]
[EndTime "15:22:17 PST"]
[Termination "IakovUlivar won by checkmate"]

1. e4 e6 2. d4 d5 3. Bd3 dxe4 4. Bxe4 Nf6 5. Bf3 Bd6 6. Ne2 O-O 7. O-O Nbd7 8. c4 c6 9. Nbc3 e5 10. d5 c5 11. Bg5 h6 12. Bh4 g5 13. Bg3 Re8 14. Qc2 Nf8 15. Rfe1 Ng6 16. Ne4 g4 17. Nxf6+ Qxf6 18. Be4 Kg7 19. f3 Qg5 20. Qc3 f5 21. f4 Qf6 22.
fxe5 Bxe5 23. Bxe5 Rxe5 24. Bc2 Bd7 25. Nf4 Rxe1+ 26.
Rxe1 Nxf4 27. Re7+ Kg6 28. Qxf6+ Kxf6 29. Rxd7 Ne2+ 30.
Kf2 Nd4 31. Bd3 Rb8 32. Rd6+ Kg5 33. a4 h5 34. g3 h4 35. Rd7 h3 36. Rg7+ Kf6 37. Rc7 Ke5 38. Re7+ Kd6 39. Rf7 Ke5 40. Re7+ Kf6 41. Rc7 b6 42. Ke3 Re8+ 43. Kf4 Ne2+ 44. Bxe2 Re4# 0-1

[Event "*** Titled Tuesday Blitz"]
[Site "Chess.com"]
[Date "2019.01.01"]
[Round "10"]
[White "c63_amg"]
[Black "Jbd735"]
[Result "1-0"]
[WhiteElo "2674"]
[BlackElo "2476"]
[TimeControl "180+2"]
[EndTime "15:22:18 PST"]
[Termination "c63_amg won on time"]

1. e4 e5 2. Nf3 Nc6 3. Bc4 Bc5 4. c3 Nf6 5. d3 a6 6. O-O Ba7 7. a4 h6 8. Na3 O-O 9. Nc2 d5 10. exd5 Nxd5 11. Re1 Re8 12. a5 Bf5 13. Ne3 Nxe3 14. Bxe3 Bxe3 15. Rxe3 Qd6 16. Qb3 Be6 17. Bxe6 Qxe6 18.
Qa4 Qd5 19. h3 Re6 20. b4 e4 21. dxe4 Rxe4 22. Rd1 Qe6 23. Rxe4 Qxe4 24. Rd7 Qf4 25. Qd1 Ne5 26. Nxe5 Qxe5 27. Qf3 Rf8 28. g3 b6 29. Rd5 Qe1+ 30. Kg2 Qe6 31. Qd3 b5 32. Rc5 c6 33.
Qf3 Rc8 34. h4 g6 35. Qf4 h5 36. Re5 Qd7 37. Qe3 Kh7 38. Qb6 Rc7 39. Qxa6 Kg7 40.
Qb6 Qd6 41. Qe3 Rd7 42. a6 Qd1 43. Re8 Qa1 44. Qe5+ f6 45. Re7+ Rxe7 46. Qxe7+ Kg8 47. a7 1-0

[Event "*** Titled Tuesday Blitz"]
[Site "Chess.com"]
[Date "2019.01.01"]
[Round "10"]
[White "TheoSlade"]
[Black "Zarikovs1999"]
[Result "1-0"]
[WhiteElo "2074"]
[BlackElo "2241"]
[TimeControl "180+2"]
[EndTime "15:22:21 PST"]
[Termination "TheoSlade won by resignation"]

1. d4 Nf6 2. c4 e6 3. Nc3 Bb4 4. Qc2 O-O 5. Nf3 d5 6. cxd5 exd5 7. Bf4 c6 8. e3 Bg4 9. Ne5 Nbd7 10. Nxg4 Nxg4 11. Bd3 Ndf6 12. h3 Nh6 13. Bxh6 gxh6 14. O-O Kh8 15. a3 Bd6 16. b4 Qe7 17. Rab1 a5 18. Qb3 axb4 19. axb4 b5 20. Rfe1 Ra6 21. Re2 Rfa8 22. Ra2 Rxa2 23. Nxa2 Qa7 24. Nc1 Nd7 25.
Qc2 Qb7 26. Bxh7 Nb6 27. Bd3 Ra4 28. Qd2 Nc4 29. Bxc4 bxc4 30. e4 Rxb4 31. Qxh6+ Kg8 32. Qg5+ Kf8 33. Qd8+ Kg7 34. Rxb4 Qxb4 35. Qg5+ Kf8 36. e5 Be7 37. Qh6+ Ke8 38. Kh2 Qc3 39. Qxc6+ Kf8 40.
Qc8+ Kg7 41. Qg4+ Kf8 42. Ne2 Qd3 43. Qc8+ Kg7 44. Qg4+ Kf8 45. Ng3 c3 46. Qc8+ Kg7 47. Qg4+ Qg6 48. Nf5+ Kf8 49. Qxg6 fxg6 50. Ne3 Bg5 51.
Nc2 Ke7 52. Kg3 Bd2 53. f4 Ke6 54. Kg4 Kd7 55. f5 gxf5+ 56. Kxf5 Kc6 57. e6 Bh6 58. e7 Kd7 59. Kf6 Bg7+ 60. Kf7 1-0

[Event "*** Titled Tuesday Blitz"]
[Site "Chess.com"]
[Date "2019.01.01"]
[Round "10"]
[White "Morshynska"]
[Black "Kurai"]
[Result "0-1"]
[WhiteElo "2082"]
[BlackElo "2506"]
[TimeControl "180+2"]
[EndTime "15:22:23 PST"]
[Termination "Kurai won by resignation"]

1. d4 d5 2. c4 e6 3. Nf3 Nf6 4. g3 Be7 5. Bg2 O-O 6. O-O dxc4 7. Qc2 a6 8. Qxc4 b5 9. Qd3 Bb7 10. Nc3 c5 11. dxc5 Qxd3 12. exd3 Bxc5 13. Be3 Nbd7 14.
Rfd1 Rac8 15. Rac1 Rfd8 16. Ne1 Bxg2 17. Kxg2 Be7 18.
Ne4 Nd5 19. a3 h6 20. h4 f5 21. Nd2 Bf6 22. Rb1 N7b6 23. Nb3 Na4 24. d4 g5 25.
hxg5 hxg5 26. Nd3 Rc2 27. Re1 Kf7 28. Rbc1 Rdc8 29. Rcd1 Nxb2 30. Nxb2 Rxb2 31. Nc5 f4 32.
Bc1 Rc2 33. Nxe6 Rxc1 34. Rxc1 Rxc1 35. Rxc1 Kxe6 36. Rc6+ Kf5 37. Rxa6 Bxd4 38. Ra5 Nc7 39. a4 Bb6 40. Rxb5+ Nxb5 41. axb5 Ke4 42. f3+ Ke3 43. gxf4 gxf4 0-1

[Event "*** Titled Tuesday Blitz"]
[Site "Chess.com"]
[Date "2019.01.01"]
[Round "10"]
[White "ChessMavenYeti"]
[Black "SimonKnightRivendell"]
[Result "0-1"]
[WhiteElo "2076"]
[BlackElo "1997"]
[TimeControl "180+2"]
[EndTime "15:22:24 PST"]
[Termination "SimonKnightRivendell won by checkmate"]

1. d4 Nf6 2. c4 e6 3. Nc3 b6 4. e4 d5 5. e5 Ng8 6. cxd5 exd5 7. Bd3 Ne7 8. Nf3 h6 9. O-O Bf5 10. Qa4+ c6 11. Bxf5 Nxf5 12. Re1 Be7 13. e6 O-O 14.
exf7+ Rxf7 15. Ne5 Rf6 16. Ng4 Rg6 17. h3 Bd6 18. Nxd5 cxd5 19. Re8+ Qxe8 20. Qxe8+ Kh7 21. Ne5 Rf6 22. Qc8 Rf8 23. Qb7 Nxd4 24. Qxa8 Nbc6 25. Nxc6 Ne2+ 26. Kf1 Ng3+ 27. Ke1 Rxa8 28. fxg3 Bxg3+ 29. Kd1 Rf8 30. Nxa7 Rf1+ 31. Ke2 Rf2+ 32. Ke3 Rf1 33. Kd4 Rd1+ 34. Kc3 d4+ 35. Kc2 Rg1 36. b3 Rxg2+ 37. Kd3 Be5 38. Nc6 Rg3+ 39. Ke4 Bf6 40. Bb2 Re3+ 41. Kf4 Bg5+ 42. Kf5 g6+ 43. Kg4 Re6 44. Nxd4 Re4+ 45. Kg3 Bf6 46. Rd1 h5 47. Rd3 Re1 48. Bc3 Rg1+ 49. Kf2 Rb1 50. Ne2 Bh4+ 51. Kg2 g5 52. Rd7+ Kg6 53. Rd6+ Kf5 54. Rxb6 g4 55.
Rb5+ Ke4 56. Rxh5 gxh3+ 57. Kxh3 Be7 58. Re5+ Kf3 59. Rxe7 Rh1# 0-1

[Event "*** Titled Tuesday Blitz"]
[Site "Chess.com"]
[Date "2019.01.01"]
[Round "10"]
[White "Andrew-FB00"]
[Black "Generalas"]
[Result "1/2-1/2"]
[WhiteElo "1818"]
[BlackElo "2210"]
[TimeControl "180+2"]
[EndTime "15:22:28 PST"]
[Termination "Game drawn by repetition"]

1. e4 e5 2. Nf3 Nc6 3. Bb5 a6 4. Ba4 Nf6 5. d4 exd4 6. O-O Nxe4 7. Re1 d5 8. Nxd4 Bd7 9. Bxc6 bxc6 10. f3 c5 11. Nb3 c4 12. Qxd5 cxb3 13. Rxe4+ Be7 14. axb3 O-O 15. Nc3 c6 16. Qd1 Bf5 17. Qxd8 Bxd8 18.
Re2 Bb6+ 19. Kf1 Rfd8 20. Bf4 f6 21. Na4 Bd4 22. Rd1 Ba7 23. Rde1 g5 24. Bc7 Rd7 25.
Bb6 Rf8 26. Bxa7 Rxa7 27. Nc5 a5 28. c3 Kf7 29. Kf2 Kg6 30. g4 Bc8 31. Re7 Ra8 32. Ne6 Rf7 33. Re8 Bb7 34. Rxa8 Bxa8 35. Nc5 Ra7 36. Re2 h5 37. h3 hxg4 38. hxg4 Kf7 39. Rd2 Ke7 40. Ke3 Rc7 41. Rd4 Bb7 42. Nxb7 Rxb7 43. b4 c5 44. bxc5 Rxb2 45. Ra4 Rc2 46.
Rxa5 Rxc3+ 47. Ke4 Rc4+ 48. Ke3 Rc3+ 49. Ke4 Rc4+ 50.
Ke3 Rc3+ 51. Ke4 1/2-1/2

[Event "*** Titled Tuesday Blitz"]
[Site "Chess.com"]
[Date "2019.01.01"]
[Round "10"]
[White "Blagorod"]
[Black "nitpicker"]
[Result "0-1"]
[WhiteElo "2093"]
[BlackElo "2210"]
[TimeControl "180+2"]
[EndTime "15:22:29 PST"]
[Termination "nitpicker won by resignation"]

1. e4 c5 2. Nc3 Nc6 3. g3 g6 4. Bg2 Bg7 5. d3 d6 6. f4 Nf6 7. Nf3 O-O 8. O-O Bd7 9. h3 Ne8 10. Kh2 Nc7 11. Ne2 f5 12. c3 b5 13. e5 Rb8 14. d4 b4 15. d5 Na5 16. e6 Bb5 17.
Re1 Bc4 18. cxb4 Rxb4 19. Nc3 Qa8 20. Ng5 Bxc3 21. bxc3 Rb5 22. a4 Rb6 23. h4 Nb3 24. Rb1 Nxc1 25. Rxc1 Bxd5 26. Bxd5 Qxd5 27. Qe2 Rfb8 28.
Rc2 h6 29. Nf7 Qxe6 30. Nxh6+ Kh7 31. Qxe6 Nxe6 32. Rxe6 Rb2 33. Rxe7+ Kxh6 34. Rxb2 Rxb2+ 35. Kg1 Rb3 36. Rxa7 Rxc3 37. Kf2 d5 38. Rd7 d4 39.
a5 Ra3 40. Ra7 c4 41. Rd7 d3 42. Ke3 Rxa5 43. Rc7 Ra4 44. Kd2 Kh5 45. Rh7+ Kg4 46.
Rg7 Kxg3 47. Rxg6+ Kxf4 48. h5 Ra2+ 49. Kc3 Rc2+ 50.
Kb4 d2 51. Rd6 c3 52. Kb3 Rc1 0-1

[Event "*** Titled Tuesday Blitz"]
[Site "Chess.com"]
[Date "2019.01.01"]
[Round "10"]
[White "guillembaches"]
[Black "pulvettd"]
[Result "0-1"]
[WhiteElo "2352"]
[BlackElo "2505"]
[TimeControl "180+2"]
[EndTime "15:22:30 PST"]
[Termination "pulvettd won on time"]

1. e4 e6 2. d4 d5 3. exd5 exd5 4. Nf3 Bd6 5. c4 Qe7+ 6. Be2 dxc4 7. O-O Nf6 8. Bxc4 O-O 9. Re1 Qd8 10. Nc3 Bg4 11. h3 Bh5 12. g4 Bg6 13. Ne5 Nc6 14.
f4 Re8 15. f5 Bxe5 16. dxe5 Nxe5 17. Qxd8 Raxd8 18. Rxe5 Rxe5 19. fxg6 hxg6 20. Bf4 Rc5 21. Bb3 Rd3 22. Kg2 g5 23. Bc1 Re5 24. Bc2 Rd6 25. Kf2 Nd7 26. Be3 Rf6+ 27. Ke2 Rfe6 28. Nd1 Nb6 29. Bb3 Rh6 30. Rc1 c6 31. Nf2 Nc8 32. Rd1 Nd6 33. Kd2 Rf6 34. Re1 Rf3 35. Nd3 Re7 36. Bc5 Rxd3+ 37. Kxd3 Rxe1 38. Bxd6 Rh1 39. Be7 Rxh3+ 40. Ke4 Rh2 41. Bxg5 Rxb2 42. Be3 a5 43.
Bd4 Rg2 44. Kf3 Rd2 45. Ke3 Rg2 46. Kf3 Rh2 47. g5 g6 48. Bf6 b5 0-1

[Event "*** Titled Tuesday Blitz"]
[Site "Chess.com"]
[Date "2019.01.01"]
[Round "10"]
[White "BrianWall"]
[Black "StoreySniper"]
[Result "1-0"]
[WhiteElo "2260"]
[BlackElo "2332"]
[TimeControl "180+2"]
[EndTime "15:22:42 PST"]
[Termination "BrianWall won by resignation"]

1. e4 g6 2. d4 Bg7 3. c4 c5 4.
d5 e5 5. Nc3 d6 6. Be2 Ne7 7.
Nf3 Nd7 8. O-O O-O 9. Ne1 f5 10. exf5 gxf5 11. f4 e4 12. Nc2 Bxc3 13. bxc3 Nf6 14.
Be3 Kh8 15. Bf2 Rg8 16. Bh4 Ng6 17. Bg5 Qf8 18. Ne3 h6 19. Bxf6+ Qxf6 20. Qd2 Qh4 21.
Qe1 Qf6 22. Kh1 Bd7 23. Rb1 b6 24. g3 Rg7 25. Rf2 Rag8 26. Qd2 Rh7 27. Bh5 Be8 28. Rbf1 Ne7 29. Bxe8 Rxe8 30. a4 h5 31. h4 Rg8 32.
Kh2 Rhg7 33. Rg2 Ng6 34. Qe1 Nf8 35. Kh3 Nh7 36. Rfg1 Qg6 37. Qe2 Nf6 38. Kh2 Kh7 39. Kh3 Kh6 40. Kh2 Rf8 41. Kh3 Nd7 42. Kh2 Qf6 43.
Qd2 Rg6 44. Kh3 Rg7 45. Kh2 Qg6 46. Kh3 Nf6 47. Qe2 Rfg8 48. Kh2 Ng4+ 49. Nxg4+ Qxg4 50.
Qxg4 Rxg4 51. Kh3 Kg6 52. Ra1 Kf6 53. a5 Rb8 54. Rb2 e3 55. Re1 Re8 56. Rbe2 bxa5 57. Rxe3 Rxe3 58. Rxe3 Rg7 59. Re6+ Kf7 60. Rxd6 Rg6 61.
Rd7+ Ke8 62. Rxa7 Rb6 63. Rxa5 Rb3 64. Rxc5 Rxc3 65. d6 Kd7 66. Rxf5 Rxc4 67. Rxh5 Kxd6 68. Re5 Rc1 69. h5 1-0

[Event "*** Titled Tuesday Blitz"]
[Site "Chess.com"]
[Date "2019.01.01"]
[Round "10"]
[White "NTBT_DHS"]
[Black "Orest_Vovk"]
[Result "0-1"]
[WhiteElo "2681"]
[BlackElo "2416"]
[TimeControl "180+2"]
[EndTime "15:22:44 PST"]
[Termination "Orest_Vovk won by resignation"]

1. d4 h6 2. Nc3 g5 3. e4 Bg7 4. h4 g4 5. h5 c5 6. dxc5 Bxc3+ 7.
bxc3 Qa5 8. Qd4 Nf6 9. Qb4 Qc7 10.
Bd3 Nc6 11. Qa3 Qe5 12. Ne2 Nxe4 13. Bf4 Qxc5 14. Qxc5 Nxc5 15. O-O-O Nxd3+ 16. Rxd3 d6 17.
Re1 Be6 18. Nd4 Nxd4 19. cxd4 d5 20. Rc3 Rc8 21. Ra3 a6 22. Rb3 b5 23. a4 bxa4 24. Rb6 O-O 25. Rxa6 Ra8 26. Rxa8 Rxa8 27. Bxh6 a3 28. Bd2 a2 29. Kb2 Bf5 30. Bb4 e6 31. c3 Bb1 32. Ka1 Kh7 33. Re5 Kh6 34. Be7 Bf5 35.
Re2 Bb1 36. f3 Kxh5 37. Re5+ Bf5 38. Re1 Kg6 39. Rh1 gxf3 40. gxf3 Bd3 41. Bd6 f6 42.
Rg1+ Kf5 43. Rg4 Bc4 44. Rf4+ Kg6 45. Rg4+ Kf7 46. Rg1 Rh8 47. Re1 Rh3 48. Bb4 Rxf3 49. Kb2 Rf2+ 50. Ka1 f5 51. Bd6 f4 52. Be5 f3 53.
Bg3 Re2 54. Rg1 Rg2 55. Rxg2 fxg2 56. Bf2 Kg6 57. Bg1 Kf5 58. Kb2 Ke4 59. Bh2 Kf3 60. Bg1 Ke2 61. Bh2 Kf1 0-1

[Event "*** Titled Tuesday Blitz"]
[Site "Chess.com"]
[Date "2019.01.01"]
[Round "10"]
[White "Alexey_Potapov"]
[Black "Kacparov"]
[Result "1-0"]
[WhiteElo "2507"]
[BlackElo "2773"]
[TimeControl "180+2"]
[EndTime "15:22:46 PST"]
[Termination "Alexey_Potapov won by resignation"]

1. c4 e6 2. Nf3 d5 3. b3 Nf6 4. Bb2 Be7 5. g3 O-O 6. Bg2 b6 7. O-O Bb7 8. d3 Nbd7 9. Nbd2 c5 10. cxd5 exd5 11. d4 Rc8 12. Rc1 Re8 13. e3 h6 14.
Nb1 Ne4 15. Nc3 Ndf6 16. Bh3 Ra8 17. Nxe4 Nxe4 18. Ne5 Bd6 19. Bf5 Qe7 20. Qg4 Nf6 21. Qd1 Bc8 22. Qf3 Bxf5 23. Qxf5 Bxe5 24. dxe5 Ne4 25.
Rfd1 Rad8 26. Rc2 Ng5 27. h4 Ne6 28. Rcd2 Nc7 29. f4 Qe6 30. Qh5 Qh3 31. Rg2 d4 32. exd4 cxd4 33. Qf3 Nb5 34. Rgd2 Rc8 35. Bxd4 Nxd4 36. Rxd4 Rc2 37. R4d2 Rxd2 38. Rxd2 Rc8 39. Kf2 h5 40. Qg2 Qf5 41. Qd5 g6 42. Kg2 Rc3 43. Qd4 Rc1 44. a3 Qe6 45. Qd5 Qf5 46. Qd3 Qe6 47. Qd5 Qxd5+ 48. Rxd5 Rc2+ 49. Kh3 Rc3 50. Rd8+ Kg7 51. Rd7 a5 52. e6 Rxb3 53. Rxf7+ Kg8 54. Rf6 Kg7 55. Rf7+ Kg8 56. f5 gxf5 57. Rxf5 Rxa3 58. e7 Re3 59. Rf8+ Kg7 60. e8=Q Rxe8 61. Rxe8 a4 62.
Rb8 b5 63. Rxb5 1-0

[Event "*** Titled Tuesday Blitz"]
[Site "Chess.com"]
[Date "2019.01.01"]
[Round "10"]
[White "DrMelekess"]
[Black "Arman_Hakemi"]
[Result "1-0"]
[WhiteElo "2587"]
[BlackElo "2482"]
[TimeControl "180+2"]
[EndTime "15:22:49 PST"]
[Termination "DrMelekess won on time"]

1. d4 Nf6 2. Nf3 g6 3. Nbd2 Bg7 4. e4 d6 5. c3 O-O 6. Be2 Nbd7 7. O-O e5 8. dxe5 dxe5 9. Qc2 Qe7 10. Re1 a5 11. b3 Nh5 12. a4 Nc5 13. Ba3 Rd8 14. Nc4 Nf4 15. Bf1 Bg4 16. Nfd2 b6 17. Ne3 Be6 18. Ndc4 f6 19. Rad1 Bf8 20. f3 Qf7 21. Bc1 Be7 22.
g3 Nh5 23. Nd5 Bxd5 24. exd5 Ng7 25. f4 exf4 26. Bxf4 Ne8 27. Bh3 f5 28. Ne5 Qg7 29. Nc6 Rd7 30. b4 Nb7 31. Ne5 Rdd8 32. Nc6 Rd7 33. Re6 Bd6 34. Bg5 Qf7 35. Rde1 Ng7 36. R6e2 Rf8 37. Bg2 Re8 38. Ne5 Bxe5 39. Rxe5 Rxe5 40.
Rxe5 Nd6 41. bxa5 bxa5 42. c4 Ne4 43. Bxe4 fxe4 44. Qxe4 Nf5 45. Re8+ Kg7 46. Qe5+ 1-0

[Event "*** Titled Tuesday Blitz"]
[Site "Chess.com"]
[Date "2019.01.01"]
[Round "10"]
[White "florianschwabeneder"]
[Black "pultineviciuspaulius"]
[Result "0-1"]
[WhiteElo "2455"]
[BlackElo "2605"]
[TimeControl "180+2"]
[EndTime "15:22:54 PST"]
[Termination "pultineviciuspaulius won by resignation"]

1. e4 e5 2. Nf3 Nc6 3. g3 d5 4. exd5 Qxd5 5. Nc3 Qd8 6. Bg2 Nf6 7. d3 h6 8. O-O Bd6 9. Nd2 O-O 10. Nc4 Bg4 11. Qd2 Qd7 12. Nxd6 cxd6 13. Nd5 Nxd5 14. Bxd5 Rac8 15.
c3 Ne7 16. Bg2 Bh3 17. d4 Bxg2 18. Kxg2 Qc6+ 19. f3 Nf5 20. d5 Qc4 21. Rd1 b5 22.
Qd3 Ne7 23. Be3 a6 24. Bf2 Rc7 25. a4 Rfc8 26. axb5 axb5 27. Ra6 Rd7 28. Qxc4 bxc4 29. Rb6 Ra8 30. Rb4 Rc7 31. Rb6 Rd7 32. g4 Ra5 33. Rb4 Rxd5 34. Rxd5 Nxd5 35. Rxc4 Rb7 36. b4 g6 37. Kf1 Kf8 38. Ke2 Ke7 39. Kd2 Kd7 40.
Kc2 Rb8 41. Kb2 Rf8 42. Ba7 f5 43. gxf5 Rxf5 44. Rg4 g5 45. h4 h5 46. Rxg5 Rxf3 47.
Rxh5 Nxc3 48. Rh8 Nb5 49. h5 Rh3 50. Bb6 Kc6 51. Ba5 e4 52. h6 e3 53. h7 e2 54.
Re8 Rh2 55. h8=Q Rxh8 56. Rxe2 Rh3 57. Rc2+ Kd5 58. Bb6 Na3 59. Rd2+ Kc6 60. Ka2 Kxb6 61. Rxd6+ Kb5 62. Rd2 Ka4 63. Rg2 Nb5 64. Rf2 Rb3 65.
Rg2 Nc3+ 0-1

[Event "*** Titled Tuesday Blitz"]
[Site "Chess.com"]
[Date "2019.01.01"]
[Round "10"]
[White "Fluffey"]
[Black "jacky72"]
[Result "0-1"]
[WhiteElo "2458"]
[BlackElo "2595"]
[TimeControl "180+2"]
[EndTime "15:22:55 PST"]
[Termination "jacky72 won by resignation"]

1. Nf3 g6 2. g3 Bg7 3. d4 Nf6 4.
Bg2 O-O 5. O-O d6 6. b3 c6 7. Bb2 Bf5 8. Nh4 Bd7 9. e4 Na6 10. Re1 Nc7 11. Nd2 a5 12. a4 Re8 13. e5 Nfd5 14. Nc4 Na6 15. exd6 exd6 16. Nxd6 Rxe1+ 17. Qxe1 Qc7 18. Nc4 b6 19. Nf3 Bf5 20. Qd2 Ndb4 21. c3 Nd3 22. Ba3 Rd8 23. Bf1 Ndc5 24. Qb2 Ne4 25.
Bg2 b5 26. axb5 cxb5 27. Nxa5 Nxc3 28. Bc5 Ne4 29. b4 Naxc5 30. bxc5 Qxc5 31. Nb7 Bxd4 32. Nxd4 Qxd4 33. Qxd4 Rxd4 34. Bf3 Rd2 35. Rf1 b4 36. Na5 Nc5 37. Rc1 b3 38. Rxc5 b2 39. Rb5 b1=Q+ 40. Rxb1 Bxb1 41. Nc4 Rd3 42. Kg2 Rc3 43. Ne5 Rc5 44.
Ng4 h5 45. Ne3 Kg7 46. h4 Ra5 47. Bc6 Bd3 48. Kf3 Bb5 49. Bd5 Ra6 50. Be4 Bc6 51. Bxc6 Rxc6 52. Ke4 Kf6 53. Nd5+ Ke6 54. Ne3 Ra6 55.
Kf4 Ra2 56. Kf3 Ke5 57. Nc4+ Kd4 58. Ne3 f6 59. Ng2 g5 60. Ne3 g4+ 61. Kg2 Ke4 62.
Nc4 f5 63. Nd6+ Ke5 64. Nf7+ Kf6 65. Nd6 Ra4 66. Nb5 Rc4 67. Na3 Rc1 68. Nb5 Ke5 69.
Na7 Rc5 70. Kf1 Kd6 71. Ke2 Kc7 0-1

[Event "*** Titled Tuesday Blitz"]
[Site "Chess.com"]
[Date "2019.01.01"]
[Round "10"]
[White "olksuna"]
[Black "MateSchmate"]
[Result "0-1"]
[WhiteElo "2463"]
[BlackElo "2484"]
[TimeControl "180+2"]
[EndTime "15:22:59 PST"]
[Termination "MateSchmate won on time"]

1. e4 e6 2. d4 d5 3. Bd3 dxe4 4.
Bxe4 Nd7 5. Nc3 Ngf6 6. Bf3 Be7 7.
Nge2 e5 8. dxe5 Nxe5 9. Qxd8+ Bxd8 10. Bf4 Nxf3+ 11. gxf3 Be6 12. O-O-O c6 13. Nd4 Nd5 14.
Nxd5 cxd5 15. Rhe1 O-O 16. Be5 Bh3 17. f4 Bb6 18. Rd3 Bxd4 19. Bxd4 Bf5 20. Rg3 g6 21.
Re5 Bd7 22. Rxd5 Be6 23. Re5 Rfd8 24. c3 Bxa2 25. h4 Rd5 26. Re7 Rc8 27. Kd2 b5 28.
Rxa7 Bb1 29. b4 Bf5 30. Re3 Rcd8 31. Ree7 Be6 32. Ke3 h5 33. Rxe6 fxe6 34. Rg7+ Kf8 35. Rxg6 Kf7 36. Rf6+ Ke7 37. Rh6 Rg8 38. Be5 Rc8 39.
Rh7+ Ke8 40. Rh8+ Kd7 41. Rh7+ Ke8 42. Ke4 Rc4+ 43. Bd4 Kf8 44. f3 Kg8 45. Rg7+ Kf8 46. Rg5 Rxg5 47. fxg5 Kf7 48. Ke5 Rc6 49. f4 Kg6 50. Bc5 Ra6 51. Bd6 Ra1 52. Kxe6 Re1+ 53. Be5 Rf1 54. Kd5 Kf5 55. Kc5 Rh1 56. Kxb5 Rxh4 57. Kc6 Rh1 58. b5 h4 59. b6 h3 60.
b7 Rb1 61. g6 h2 62. g7 h1=Q+ 0-1

[Event "*** Titled Tuesday Blitz"]
[Site "Chess.com"]
[Date "2019.01.01"]
[Round "10"]
[White "shnitez"]
[Black "PlotnikovPavel"]
[Result "0-1"]
[WhiteElo "2550"]
[BlackElo "2403"]
[TimeControl "180+2"]
[EndTime "15:23:11 PST"]
[Termination "PlotnikovPavel won by resignation"]

1. e4 e6 2. d4 d5 3. Bd3 dxe4 4. Bxe4 Nf6 5. Bf3 Be7 6. Ne2 O-O 7. O-O Nbd7 8.
Nbc3 e5 9. Re1 Re8 10. Ng3 exd4 11. Qxd4 Bc5 12. Rxe8+ Qxe8 13. Qd1 Ne5 14. Nce4 Nxf3+ 15. Qxf3 Nxe4 16. Nxe4 f5 17. Ng3 Qe1+ 18. Nf1 Be6 19. b3 Qe5 20. c3 Bd5 21. Qg3 Qxg3 22. hxg3 a5 23. Be3 Be7 24. Rd1 c6 25. c4 Be6 26. a4 Rd8 27. Rxd8+ Bxd8 28. Nd2 Kf7 29. Kf1 g5 30. Ke2 h5 31. Kd3 Kg6 32. Nf3 h4 33. gxh4 gxh4 34. Ng1 Bc7 35. Nh3 Bf7 36. Nf4+ Kf6 37.
Nh3 Bh5 38. Bg5+ Ke6 39. f3 Bg3 40. Bd8 Bg6 41. Bxa5 f4+ 42. Ke2 Bc2 43. Bd2 Kf5 44.
b4 Bxa4 45. Kd3 b5 46. c5 Bb3 47. Kd4 Bc4 48. Ng1 Bf1 49. Bc1 Bxg2 50. Kd3 h3 51. Nxh3 Bxh3 52. Ke2 Ke6 53. Bd2 Kd5 54. Bc3 Kc4 55. Bd2 Bf5 56. Kd1 Bd3 57. Kc1 Be2 0-1

[Event "*** Titled Tuesday Blitz"]
[Site "Chess.com"]
[Date "2019.01.01"]
[Round "10"]
[White "Kostya_Nikologorskiy"]
[Black "Mikhail_Golubev"]
[Result "1-0"]
[WhiteElo "2386"]
[BlackElo "2516"]
[TimeControl "180+2"]
[EndTime "15:23:13 PST"]
[Termination "Kostya_Nikologorskiy won by resignation"]

1. d4 Nf6 2. c4 g6 3. Nc3 Bg7 4. e4 d6 5. Nf3 O-O 6. h3 Qe8 7. g4 c5 8. Be3 cxd4 9. Nxd4 b6 10. Qd2 Bb7 11. Bg2 Nbd7 12. g5 Nh5 13. O-O-O a6 14. Bf3 Ne5 15. Bxh5 Nxc4 16. Qe2 Nxe3 17. fxe3 gxh5 18. Qxh5 Rc8 19. Qg4 Qa4 20. Kb1 Rxc3 21. bxc3 Rc8 22. Rc1 e5 23. Nf5 Qxe4+ 24. Kb2 Rc7 25.
Qxe4 Bxe4 26. Rhf1 Bf8 27. h4 Rc4 28. h5 b5 29. Ng3 Bd5 30. Rcd1 Be6 31. a3 d5 32. Nf5 Ra4 33. Ra1 Rg4 34. Nh6+ Kg7 35. Nxg4 Bxg4 36.
h6+ Kg8 37. Rg1 Be6 38. Raf1 Be7 39. Re1 a5 40. e4 d4 41. cxd4 exd4 42. Rd1 Bc5 43.
Rg3 Bc4 44. e5 Kf8 45. Rf3 Ke7 46. Rf6 Be6 47. Rf4 b4 48. axb4 axb4 49. Rfxd4 Bxd4+ 50.
Rxd4 b3 51. Rd6 Ke8 52. Rb6 Ke7 53. Kc3 Bd5 54. Kd4 Be6 55. Rb7+ Ke8 56. Kc5 Kd8 57. Kd6 Kc8 58. Rb6 1-0

[Event "*** Titled Tuesday Blitz"]
[Site "Chess.com"]
[Date "2019.01.01"]
[Round "10"]
[White "Qingdom"]
[Black "PrinceCharming92"]
[Result "1-0"]
[WhiteElo "2188"]
[BlackElo "2395"]
[TimeControl "180+2"]
[EndTime "15:23:15 PST"]
[Termination "Qingdom won by checkmate"]

1. d4 d5 2. Bf4 c6 3. e3 Nf6 4. Nd2 Bf5 5. c4 e6 6. Qb3 Qb6 7. c5 Qxb3 8. axb3 Nbd7 9. b4 a6 10. b5 cxb5 11. Bxb5 Rc8 12. Be2 Be7 13. Ngf3 O-O 14.
O-O Nh5 15. Bg5 f6 16. Bh4 g5 17. Bg3 Nxg3 18. hxg3 Rc6 19. b4 b5 20. Ra2 Nb8 21. Rfa1 Rc7 22. Nb3 Bg6 23. Na5 Re8 24.
Kf1 Bd8 25. Ne1 e5 26. Bd3 exd4 27. Bxg6 hxg6 28. exd4 Re4 29. Nc2 Rce7 30. Re1 Rxe1+ 31. Nxe1 Re4 32. Nc2 g4 33. f3 gxf3 34. gxf3 Re6 35.
Ra1 Kf7 36. Re1 Rxe1+ 37. Kxe1 Bxa5 38. bxa5 Nc6 39. Kd2 Ke6 40. Kc3 Nxa5 41. Nb4 Nc4 42. Nxa6 Ne3 43. Nc7+ Kd7 44. Nxb5 Nf1 45. Kd3 Nxg3 46.
Nc3 Kc6 47. Ne2 Nf5 48. Nf4 Nh4 49. Ke3 f5 50. Nh3 Kd7 51. f4 Ng2+ 52. Kf2 Nh4 53. Kg3 g5 54. fxg5 Ng6 55. Nf4 Ne7 56. g6 Ke8 57.
Kh4 Nc6 58. Ne2 Kf8 59. Kg5 Ne7 60. Nf4 Nc6 61. Ne6+ Ke7 62. g7 Kf7 63. Kxf5 Ne7+ 64. Ke5 Nc6+ 65. Kxd5 Ne7+ 66. Kd6 Nf5+ 67. Ke5 Ne7 68.
d5 Ng6+ 69. Kd6 Ne7 70. c6 Nf5+ 71. Ke5 Ne7 72. c7 Ng6+ 73. Kd6 Ne7 74. Nd8+ Ke8 75. Ke6 Ng8 76. d6 Ne7 77. d7# 1-0

[Event "*** Titled Tuesday Blitz"]
[Site "Chess.com"]
[Date "2019.01.01"]
[Round "10"]
[White "Zq1"]
[Black "Peroncio"]
[Result "1-0"]
[WhiteElo "2499"]
[BlackElo "2625"]
[TimeControl "180+2"]
[EndTime "15:23:16 PST"]
[Termination "Zq1 won by checkmate"]

1. d4 f5 2. Nf3 Nf6 3. Bg5 e6 4. Nbd2 Be7 5. Bxf6 Bxf6 6. e4 d5 7. exf5 exf5 8. Bd3 O-O 9. O-O Nc6 10. c3 Qd6 11.
Qc2 g6 12. Rfe1 Bd7 13. b4 Rae8 14. a4 a5 15. b5 Nd8 16. c4 b6 17. cxd5 Nf7 18.
Rec1 Rc8 19. Nc4 Qf4 20. Qd2 Qxd2 21. Ncxd2 Rfe8 22. Nc4 Re7 23. Re1 Rce8 24. Kf1 Bc8 25. Rxe7 Rxe7 26. g3 Bb7 27. Ne3 Nd6 28. Rc1 Kf8 29.
Ne5 Ke8 30. f4 Kd8 31. Bc4 Kc8 32. Bb3 Ne4 33. Ke2 Re8 34. Kd3 Be7 35. Nc6 Bd6 36.
Ne5 Bb4 37. N3c4 Kd8 38. Ne3 Nf2+ 39. Ke2 Ne4 40. Rc2 Bd6 41. Kd3 Bb4 42. g4 fxg4 43.
Kxe4 Rf8 44. N3xg4 Rf5 45. Nc6+ Bxc6 46. bxc6 Bf8 47.
Ne5 Bh6 48. Rf2 Ke7 49. Rf3 Kd6 50. Nc4+ Ke7 51. d6+ cxd6 52. Nxb6 Kd8 53. Nd5 Bg7 54. Bc4 Kc8 55. Rb3 Rf8 56. Ba6+ Kd8 57. Rb8# 1-0